 Dungeon Crawl Stone Soup version bcrawl-1.19.1 (webtiles) character file.

Game seed: 13105326987523411834

298 diana the Shield-Bearer (level 6, -6/79 HPs)
             Began as a Minotaur Sloth Apostle on Nov 27, 2019.
             Was a Priest of Cheibriados.
             Mangled by a bullfrog (9 damage)
             ... in a sewer.
             The game lasted 00:04:16 (2754 turns).

diana the Shield-Bearer (Minotaur Sloth Apostle)    Turns: 2754, Time: 00:04:17

Health: -6/79      AC: 10    Str: 31    XL:     6   Next: 13%
Magic:  0/6        EV:  5    Int: 17    God:    Cheibriados [***...]
Gold:   208        SH: 11    Dex: 18    Spells: 6/7 levels left

rFire    . . .     SeeInvis .   a - +0 hand axe
rCold    . . .     Gourm    .   c - +0 shield
rNeg     . . .     Faith    .   r - +0 scale mail
rPois    .         Spirit   +   (helmet restricted)
rElec    .         Reflect  .   q - scarf {Spirit}
rCorr    .         Harm     .   (no gloves)
MR       .....                  n - +0 pair of boots
Stlth    ..........             m - amulet of the acrobat
HPRegen  0.23/turn              (no ring)
MPRegen  0.10/turn              (no ring)

@: berserking, lethally poisoned (-6 -> -6), constricted, very slow
A: retaliatory headbutt, fangs 1, horns 2, slimy green scales 1, screaming 1
a: Bend Time, Temporal Distortion, Renounce Religion


You were in a sewer.
You worshipped Cheibriados.
Cheibriados was most pleased with you.
You were not hungry.

You visited 1 branch of the dungeon, and saw 4 of its levels.
You also visited: Sewer.

You collected 208 gold pieces.

Inventory:

Hand Weapons
 a - a +0 hand axe (weapon)
 l - a +3 whip
Armour
 b - a +0 robe
 c - a +0 shield (worn)
 n - a +0 pair of boots (worn)
 q - a scarf of spirit shield (worn)
 r - a +0 scale mail (worn)
Jewellery
 m - an amulet of the acrobat (around neck)
Wands
 d - a wand of paralysis (10)
 k - a wand of random effects (13)
Scrolls
 o - a scroll of remove curse {unknown}
 p - 2 scrolls of identify {unknown}
 u - a scroll of acquirement {unknown}
 v - a scroll of magic mapping {unknown}
 w - a scroll of fear {unknown}
 x - a scroll of fog {unknown}
 y - a scroll of teleportation {unknown}
Potions
 g - a potion of haste {unknown}
 h - a potion of berserk rage
 i - 2 potions of curing {unknown}
 j - a potion of flight {unknown}
 s - 3 potions of magic {unknown}
 t - a potion of heal wounds {unknown}
Comestibles
 f - 4 rations {!d}


   Skills:
 + Level 4.3 Fighting
 + Level 4.3 Axes
 + Level 3.5 Armour
 - Level 2.6 Stealth
 + Level 4.4 Shields
 - Level 1.0 Spellcasting
 - Level 0.5 Hexes
 - Level 0.8 Evocations


You had 6 spell levels left.
You knew the following spells:

 Your Spells              Type           Power        Failure   Level  Hunger
a - Slow                  Hex            #.......     80%         1    ##.....
Your spell library was empty.

Dungeon Overview and Level Annotations

Branches:
Dungeon (4/12)
 Temple: D:4-7

Altars:
Uskayaw
Vehumet
Xom

Shops:
D:4 =


Innate Abilities, Weirdness & Mutations

You reflexively headbutt those who attack you in melee.
You have a pair of horns on your head.
You have very sharp teeth.
You are partially covered in slimy green scales. (AC +2)
You occasionally shout uncontrollably at your foes.


Message History

Cheibriados appreciates the change of pace.
You slash the adder!
You kill the adder!
Cheibriados appreciates the change of pace.
You miss the adder. You barely miss the adder. You slash the bullfrog!
The bullfrog hits you.
* * * LOW HITPOINT WARNING * * *
The adder closely misses you. The adder bites you but does no damage.
The bullfrog hits you.
* * * LOW HITPOINT WARNING * * *
You block the bullfrog's attack. The adder bites you but does no damage.
Your unstable footing causes you to fumble your attack.
You feel sick. You block the adder's attack. You block the bullfrog's attack.
The bullfrog misses you. You furiously retaliate!
You headbutt the bullfrog!
The ball python bites you but does no damage.
The ball python grabs you. The ball python constricts you.
The adder barely misses you. The adder bites you but does no damage.
The bullfrog hits you but does no damage.
The bullfrog hits you!
You die...

..##### ...'..# ...#..#
...####
....################## #
......≈≈≈≈≈≈≈≈≈≈≈≈≈≈≈#..
#.....≈≈≈≈≈≈≈≈≈≈l≈≈≈≈≈..
#.....≈≈≈≈≈≈≈≈≈FSS≈≈≈≈..
#....≈≈≈≈≈≈≈≈≈≈≈@≈≈≈≈...
##...≈≈≈≈≈≈≈≈..F#S≈≈≈≈..
###..≈≈≈≈≈≈≈≈≈≈≈≈≈≈≈#..
###################


You could see 2 bullfrogs, 2 adders, a ball python and a frilled lizard.

Vanquished Creatures
  A phantom (D:4)
  6 adders
  5 river rats
  3 oozes
  3 worms (D:2)
  2 leopard geckos
  9 ball pythons
  7 bats
  2 giant cockroaches
  6 hobgoblins
  7 jackals
  3 quokkas (D:2)
  3 frilled lizards
  4 goblins
  A jackal skeleton (D:4)
  9 kobolds
  29 rats
100 creatures vanquished.

Notes
Turn   | Place    | Note
-------+----------+-------------------------------------------
     0 | D:1      | diana the Minotaur Sloth Apostle began the quest for the
                  | Orb.
     0 | D:1      | Reached XP level 1. HP: 18/18 MP: 1/1
     6 | D:1      | Noticed an anaconda
     6 | D:1      | Noticed a polar bear
     7 | D:1      | Noticed a komodo dragon
     7 | D:1      | Noticed a swamp worm
   263 | D:1      | Reached skill level 1 in Armour
   263 | D:1      | Reached XP level 2. HP: 16/25 MP: 2/2
   632 | D:2      | Found a hide-covered altar of Uskayaw.
   632 | D:2      | Noticed a +0 dagger
   632 | D:2      | Noticed a +0 hand axe
   790 | D:2      | Reached * piety under Cheibriados
   790 | D:2      | Reached XP level 3. HP: 30/30 MP: 3/3
  1355 | D:2      | Found a radiant altar of Vehumet.
  1696 | D:2      | Found a shimmering altar of Xom.
  2093 | D:3      | Reached ** piety under Cheibriados
  2153 | D:4      | Reached XP level 4. HP: 36/38 MP: 4/4
  2188 | D:4      | Found Xyeleij's Jewellery Emporium.
  2216 | D:4      | Noticed a phantom
  2221 | D:4      | Found a glowing drain.
  2243 | D:4      | Killed a phantom
  2243 | D:4      | Reached XP level 5. HP: 17/46 MP: 1/5
  2254 | Sewer    | Entered a sewer
  2596 | Sewer    | Reached *** piety under Cheibriados
  2647 | Sewer    | Reached XP level 6. HP: 42/52 MP: 4/6
  2750 | Sewer    | Gained mutation: You are partially covered in slimy green
                  | scales. (AC +2) [potion of mutation]
  2750 | Sewer    | Gained mutation: You occasionally shout uncontrollably at
                  | your foes. [potion of mutation]
  2750 | Sewer    | Gained mutation: You have very sharp teeth. [potion of
                  | mutation]
  2754 | Sewer    | HP: 3/79 [poisoned by an adder]
  2754 | Sewer    | Mangled by a bullfrog

Skill      XL: |  1  2  3  4  5 |
---------------+----------------+-----
Armour         | 1 2 3 |  3.5
Axes           | 3 4 |  4.3
Shields        | 3 4 |  4.4
Fighting       | 3 4 |  4.3
Stealth        | |  2.6
Spellcasting   | |  1.0
Hexes          | |  0.5
Evocations     | |  0.8

Action                   |  1- 3 |  4- 6 || total
-------------------------+-------+-------++-------
Melee: Hand axe          |   115 |   106 ||   221
       Headbutt          |    20 |    15 ||    35
  Use: Scroll            |     1 |       ||     1
       Potion            |       |     2 ||     2
 Stab: Sleeping          |     9 |       ||     9
  Eat: Chunk             |     2 |     1 ||     3
Armor: Robe              |    28 |       ||    28
       Scale mail        |     4 |    55 ||    59
Dodge: Dodged            |    38 |    46 ||    84
Block: Shield            |    52 |    85 ||   137
